 Dungeon Crawl Stone Soup version 0.29.1-15-g9cfb28693d (webtiles) character file.

Game seed: 7181357706157562938

9 Artool the Trooper (level 2, 20/24 HPs)
             Began as a Demonspawn Fighter on Apr 11, 2023.
             Quit the game on level 1 of the Dungeon.
             The game lasted 00:00:21 (456 turns).

Artool the Trooper (Demonspawn Fighter)              Turns: 456, Time: 00:00:22

Health: 20/24      AC:  6    Str: 16    XL:     2   Next: 3%
Magic:  2/2        EV:  8    Int:  9    God:
Gold:   11         SH:  4    Dex: 12    Spells: 1/1 levels left

rFire   . . .      SeeInvis .   a - +0 flail
rCold   . . .      Faith    .   c - +0 buckler
rNeg    . . .      Spirit   .   b - +0 scale mail
rPois   .          Reflect  .   (no helmet)
rElec   .          Harm     .   (no cloak)
rCorr   .          Rampage  .   (no gloves)
Will    .....                   (no boots)
Stlth   ..........              (no amulet)
HPRegen 0.08/turn               (no ring)
MPRegen 0.08/turn               (no ring)

@: no status effects
A: hooves 1
a: no special abilities


You were on level 1 of the Dungeon.
You visited 1 branch of the dungeon, and saw 1 of its levels.

You collected 11 gold pieces.

Inventory:

Hand Weapons
 a - a +0 flail (weapon)
Armour
 b - a +0 scale mail (worn)
 c - a +0 buckler (worn)
Jewellery
 i - a +6 ring of intelligence
Scrolls
 f - 2 scrolls of identify {unknown}
 g - a scroll of poison {unknown}
 j - a scroll of summoning {unknown}
Potions
 d - a potion of might
 e - a potion of heal wounds {unknown}
 h - a potion of mutation {unknown}


   Skills:
 + Level 3.1 Fighting
 + Level 2.0 Maces & Flails
 + Level 2.8 Armour
 + Level 2.8 Shields


You had one spell level left.
You didn't know any spells.
Your spell library contained the following spells:

 Spells                   Type           Power      Damage    Failure   Level
 Ensorcelled Hibernation  Hex/Ice        0%         N/A       96%         2
 Passwall                 Tmut/Erth      0%         N/A       96%         2
 Swiftness                Air            0%         N/A       99%         3


Dungeon Overview and Level Annotations

Branches:
Dungeon (1/15)

Altars:


Innate Abilities, Weirdness & Mutations

You have large cloven feet.


Message History

A ball python comes into view.
The ball python hisses angrily.
A ball python is nearby!
The ball python bites you. The ball python barely misses you.
A ball python is nearby!
You closely miss the ball python. The ball python barely misses you.
The ball python grabs you. The ball python constricts you.
You barely miss the ball python.
The ball python bites you but does no damage.
The ball python constricts you.
The ball python bites you but does no damage.
The ball python constricts you.
You hit the ball python.
You kill the ball python!
You have reached level 2!
You feel monstrous as your demonic heritage exerts itself.
Your demonic ancestry asserts itself...
Your feet thicken and deform.
Key pressed, stopping explore.
No target in view!
A kobold comes into view. It is wielding a +0 short sword.
The kobold shouts!
You barely miss the kobold.
The kobold hits you with a +0 short sword.
A kobold is nearby!
You hit the kobold. You kick the kobold, but do no damage.
The kobold is moderately wounded.
The kobold hits you but does no damage.
A kobold is nearby!
You barely miss the kobold. Your kick misses the kobold.
The kobold is moderately wounded.
The kobold barely misses you.
The kobold hits you with a +0 short sword.
You closely miss the kobold.
The kobold is moderately wounded.
The kobold hits you but does no damage.
You sock the kobold!
You kill the kobold!
No target in view!
Are you sure you want to abandon this character and quit the game? (Confirm with "yes".)

..................#
##.###............#
#....#............#
#.##.#............#
.....#............#
.##.##.........>..#
....##............#
########...########
......##...#....@.#
#####.##...###?)#.# #...# #+#
#...##...# #..#.# #...# #.#
#.######## #..#.# #...# #.# #.#
####.####...# #.# #.#
#.......+...# #.# #.#
#.##.####...# #.#
###.##########.#...###...# #.#
.............#...........####.#


There were no monsters in sight!

Vanquished Creatures
  A bat (D:1)
  2 giant cockroaches (D:1)
  2 hobgoblins (D:1)
  A ball python (D:1)
  A frilled lizard (D:1)
  A kobold (D:1)
8 creatures vanquished.

Vanquished Creatures (others)
  4 toadstools (D:1)
4 creatures vanquished.

Grand Total: 12 creatures vanquished

Notes
Turn   | Place    | Note
-------+----------+-------------------------------------------
     0 | D:1      | Artool the Demonspawn Fighter began the quest for the Orb.
     0 | D:1      | Reached XP level 1. HP: 18/18 MP: 1/1
   351 | D:1      | Discovered your monstrous ancestry.
   351 | D:1      | Gained mutation: You have large cloven feet. [demonic
                  | ancestry]
   351 | D:1      | Reached XP level 2. HP: 20/24 MP: 2/2
   456 | D:1      | Quit the game

Illustrated notes

Levels and vault maps discovered:
D:1:      ldierk_walled_garden_2, layout_basic

Skill      XL: |  1 |
---------------+----+-----
Maces & Flails | 2 |  2.0
Fighting       | |  3.1
Armour         | |  2.8
Shields        | |  2.8

Action                   || total
-------------------------++-------
Melee: Flail             ||    22
       Kick              ||     1
Armor: Scale mail        ||     4
Dodge: Dodged            ||     8
Block: Buckler           ||     5
